 Dungeon Crawl Stone Soup version 0.21-a0-528-gf531e82 (webtiles) character file.

835 slep the Shield-Bearer (level 7, -5/37 HPs)
             Began as a Vine Stalker Fighter on Dec 9, 2017.
             Slain by slep's ghost (11 damage)
             ... on level 5 of the Dungeon.
             The game lasted 00:13:05 (2498 turns).

slep the Shield-Bearer (Vine Stalker Fighter)       Turns: 2498, Time: 00:13:05

Health: -5/37      AC: 13    Str: 20    XL:     7   Next: 98%
Magic:  0/8        EV:  9    Int:  8    God:
Gold:   228        SH: 10    Dex: 14    Spells: 6/6 levels left

rFire    . . .     SeeInvis .   v - +0 hand axe
rCold    . . .     Gourm    .   c - +0 shield
rNeg     + . .     Faith    .   b - +0 scale mail
rPois    .         Spirit   +   (no helmet)
rElec    .         Reflect  .   E - +0 cloak {+Inv}
rCorr    .         Harm     .   t - +1 pair of gloves
MR       .....                  g - +2 pair of boots
Stlth    ..........             (no amulet)
HPRegen  0.52/turn              i - ring of positive energy
MPRegen  0.11/turn              (no ring)

@: no status effects
A: fangs 2, regeneration 1, magic shield, antimagic bite, no potion heal 3, rot
immunity
a: Evoke Invisibility


You were on level 5 of the Dungeon.
You were not hungry.

You visited 1 branch of the dungeon, and saw 5 of its levels.

You collected 228 gold pieces.

Inventory:

Hand Weapons
 a - a +0 rapier
 l - a +0 short sword of speed
 v - a +0 hand axe (weapon)
Missiles
 s - 8 curare-tipped needles
Armour
 b - a +0 scale mail (worn)
 c - a +0 shield (worn)
 g - a +2 pair of boots (worn)
 t - a +1 pair of gloves (worn)
 E - a +0 cloak of invisibility (worn)
Jewellery
 i - a ring of positive energy (left hand)
 x - an uncursed amulet of harm
Scrolls
 m - a scroll of amnesia {unknown}
 n - 4 scrolls of remove curse {unknown}
 o - 3 scrolls of identify {unknown}
 q - 3 scrolls of teleportation {unknown}
 u - a scroll of magic mapping {unknown}
 w - a scroll of immolation {unknown}
 y - a scroll of enchant weapon {unknown}
 A - a scroll of noise {unknown}
 C - a scroll of fear {unknown}
Potions
 d - 2 potions of might
 e - 4 potions of curing {unknown}
 h - a potion of brilliance {unknown}
 j - 2 potions of lignification {unknown}
 p - 3 potions of agility {unknown}
 z - a potion of ambrosia {unknown}
 B - a potion of invisibility {unknown}
Comestibles
 f - 2 bread rations
 k - 3 fruits
 r - 3 royal jellies
 D - a meat ration


   Skills:
 + Level 3.7 Fighting
 + Level 2.4 Short Blades
 + Level 3.9 Axes
 + Level 3.6 Armour
 + Level 2.3 Dodging
 + Level 0.1 Stealth
 + Level 4.9 Shields


You had 6 spell levels left.
You didn't know any spells.

Dungeon Overview and Level Annotations

Branches:
Dungeon (5/15)
 Temple: D:4-7

Altars:
Dithmenos

Shops:
D:4 =%(

Annotations:
D:5 slep's ghost, novice VSGl


Innate Abilities, Weirdness & Mutations

You have extremely sharp teeth.
Your natural rate of healing is unusually fast.
When hurt, damage is shared between your health and your magic reserves.
Your bite disrupts and absorbs the magic of your enemies.
Potions cannot restore your health.
You are immune to rotting.


Message History

You hit the orc.
You kill the orc!
You block slep's ghost's attack.
You hit slep's ghost.
Slep's ghost is moderately damaged.
The centaur shoots an arrow.
The arrow hits you. Slep's ghost hits you!
The centaur shoots an arrow.
You block the arrow.
You hit slep's ghost. Your bite misses slep's ghost.
Slep's ghost is moderately damaged.
Slep's ghost hits you!
The centaur shoots an arrow.
You block the arrow.
A worm comes into view.
You hit slep's ghost but do no damage.
Slep's ghost is moderately damaged.
The centaur shoots an arrow.
The arrow barely misses you. Slep's ghost hits you.
The centaur shoots an arrow.
The arrow hits you!
* * * LOW HITPOINT WARNING * * *
Slep's ghost hits you.
* * * LOW HITPOINT WARNING * * *
The centaur shoots an arrow.
You block the arrow. Slep's ghost hits you!
You die...

..........###
.c..........##
.............#
......$......##
..............#
..............##
......[.........
.....(.(........
........@.......
.%.....W.).....#
#..............#
##.............#
##............#
#.........$.##
##.w........#
##..........


You could see a centaur, a worm and slep's ghost.

Vanquished Creatures
  Grinder (D:3)
  Menkaure (D:4)
  2 ogres (D:4)
  A scorpion (D:4)
  Crazy Yiuf (D:3)
  A bullfrog skeleton (D:4)
  4 worker ants (D:4)
  6 adders
  2 oozes
  An adder skeleton (D:4)
  5 worms
  6 dart slugs
  2 leopard geckos (D:4)
  6 orcs
  A ball python (D:3)
  3 giant cockroaches
  5 hobgoblins
  12 jackals
  8 kobolds
  A quokka (D:2)
  9 bats
  6 frilled lizards
  7 goblins
  7 rats
98 creatures vanquished.

Notes
Turn   | Place    | Note
-------+----------+-------------------------------------------
     0 | D:1      | slep the Vine Stalker Fighter began the quest for the Orb.
     0 | D:1      | Reached XP level 1. HP: 11/11 MP: 2/2
   132 | D:1      | Reached XP level 2. HP: 16/16 MP: 3/3
   426 | D:1      | Reached skill level 3 in Shields
   664 | D:2      | Reached XP level 3. HP: 20/20 MP: 4/4
   787 | D:2      | Gained mutation: Your natural rate of healing is unusually fast. [Vine Stalker growth]
   787 | D:2      | Reached XP level 4. HP: 15/24 MP: 5/5
  1148 | D:2      | Found a shadowy altar of Dithmenos.
  1238 | D:3      | Reached skill level 1 in Axes
  1270 | D:3      | Noticed Grinder
  1275 | D:3      | Paralysed by Grinder for 7 turns
  1304 | D:3      | Reached XP level 5. HP: 27/28 MP: 4/6
  1304 | D:3      | Paralysed by Grinder for 5 turns
  1412 | D:4      | Reached skill level 1 in Dodging
  1476 | D:4      | Reached XP level 6. HP: 30/32 MP: 5/7
  1519 | D:4      | Found Owad Nai's Food Shop.
  1552 | D:4      | Noticed Menkaure
  1560 | D:4      | Killed Menkaure
  1560 | D:4      | Reached skill level 4 in Shields
  1569 | D:4      | Found Ulux's Antique Weapon Shoppe.
  1581 | D:4      | Reached XP level 7. HP: 11/36 MP: 8/8
  1860 | D:4      | Found Ixaimu's Jewellery Shop.
  2194 | D:3      | Killed Grinder
  2273 | D:3      | Found a runed door.
  2420 | D:3      | Noticed Crazy Yiuf
  2432 | D:3      | Killed Crazy Yiuf
  2475 | D:5      | Entered Level 5 of the Dungeon
  2476 | D:5      | Noticed slep's ghost (novice VSGl)
  2498 | D:5      | Slain by slep's ghost

Vault maps used:
D:1:      kennysheep_arrival_seaside, minmay_stone_trees_small,
          minmay_heptomino_h4
D:2:      grunt_dithmenos_smoke
D:3:      uniq_grinder, uniq_crazy_yiuf_cottage
D:4:      serial_shops, shop, nicolae_shop_waterfront, shop,
          hangedman_abyss_or_decor_stabs, uniq_menkaure
D:5:      nicolae_ru_path_of_blood, first_bread

Skill      XL: |  1  2  3  4  5  6  7 |
---------------+----------------------+-----
Fighting       | 3 |  3.7
Shields        | 3 4 |  4.9
Short Blades   | 2 |  2.4
Axes           | 1 2 3 |  3.9
Armour         | 3 |  3.6
Dodging        | 1 2 |  2.3
Stealth        | |  0.1

Action                   |  1- 3 |  4- 6 |  7- 9 || total
-------------------------+-------+-------+-------++-------
Melee: Rapier            |    34 |       |       ||    34
       Bite              |    18 |    57 |    29 ||   104
       Short sword       |    10 |       |       ||    10
       Hand axe          |    44 |   195 |    99 ||   338
  Eat: Chunk             |       |     3 |     3 ||     6
Armor: Scale mail        |    62 |    93 |    34 ||   189
Dodge: Dodged            |    23 |    60 |    25 ||   108
Block: Shield            |    61 |    90 |    57 ||   208

Table legend:
 A = Spawn XP
 B = Non-spawn XP
 C = Spawn XP percentage of total XP
 D = Spawn monster count
 E = Non-spawn monster count
 F = Spawn count percentage of total count
 G = Total turns spent on level
                    A         B        C        D         E        F      G
               +---------+---------+-------+---------+---------+-------+---------
         Total |       0 |    1193 |   0.0 |       0 |      98 |   0.0 |  2498
               +---------+---------+-------+---------+---------+-------+---------
           D:1 |       0 |      31 |   0.0 |       0 |      18 |   0.0 |   615
           D:2 |       0 |     115 |   0.0 |       0 |      29 |   0.0 |   594
           D:3 |       0 |     356 |   0.0 |       0 |      25 |   0.0 |   604
           D:4 |       0 |     685 |   0.0 |       0 |      24 |   0.0 |   671
           D:5 |       0 |       6 |   0.0 |       0 |       2 |   0.0 |    14
               +---------+---------+-------+---------+---------+-------+---------
